 Dungeon Crawl Stone Soup version 0.31-a0-507-gbafd7f5274 (webtiles) character file.

Game seed: 16678855540550846123

396 Gelion the Changeling (level 6, -2/63 HPs)
             Began as an Octopode Shapeshifter on Aug 9, 2023.
             Slain by a gnoll
             ... wielding a +0 halberd
              (5 damage)
             ... on level 4 of the Dungeon.
             The game lasted 00:04:17 (2671 turns).

Gelion the Changeling (Octopode Shapeshifter)       Turns: 2671, Time: 00:04:17

Health: -2/63      AC: 23    Str: 15    XL:     6   Next: 83%
Magic:  6/6        EV:  2    Int: 10    God:
Gold:   217        SH:  0    Dex: 14    Spells: 5/5 levels left

rFire   . .          .
                       - Unarmed
rCold   . . .        (no shield)
rNeg    . . .        (helmet currently unavailable)
rPois   +            (no amulet)
rElec   .            l - ring of see invisible
rCorr   .            (no ring)
SInv    +            (no ring)
Will    .....        (no ring)
Stlth   +            (no ring)
HPRegen 0.30/turn    (no ring)
MPRegen 0.10/turn    (no ring)
                     (no ring)

%: no passive effects
@: tree-form
A: stationary, stasis, torment immunity, boosted hp, almost no armour,
(amphibious), 8 rings, (camouflage 1), (gelatinous body 1), (nimble swimmer 1),
(tentacles)
a: no special abilities


You were on level 4 of the Dungeon.
You were a tree.
You visited 1 branch of the dungeon, and saw 4 of its levels.

You collected 217 gold pieces.

Inventory:

Jewellery
 l - a ring of see invisible (left branch)
Talismans
 b - a beast talisman
 c - a flux talisman
Wands
 e - a wand of paralysis (9)
Scrolls
 d - 2 scrolls of teleportation
 g - a scroll of amnesia {unknown}
 k - a scroll of torment {unknown}
 m - 4 scrolls of identify
Potions
 a - a potion of lignification
 f - 4 potions of curing
 i - a potion of attraction


   Skills:
 + Level 3.3 Fighting
 - Level 2.0 Dodging
 + Level 4.4 Unarmed Combat
 * Level 5.0 Shapeshifting


You had 5 spell levels left.
You didn't know any spells.
Your spell library contained the following spells:

 Spells                   Type           Power      Damage    Failure   Level
 Apportation              Tloc           0%         N/A       36%         1
 Magic Dart               Conj           0%         1d3       36%         1
 Necrotise                Necr           0%         1d4       36%         1
 Summon Small Mammal      Summ           0%         N/A       36%         1
 Call Imp                 Summ           0%         N/A       50%         2
 Mephitic Cloud           Conj/Pois/Air  0%         N/A       75%         3
 Summon Forest            Summ/Tloc      0%         N/A       100%        5
 Eringya's Noxious Bog    Tmut/Pois      0%         4d6       100%        6
 Summon Hydra             Summ           0%         N/A       100%        7


Dungeon Overview and Level Annotations

Branches:
Dungeon (4/15)
 Temple: D:4-7

Altars:
Kikubaaqudgha
Nemelex Xobeh

Annotations:
D:3 2 runed translucent doors, GoodGuyCap's ghost, amateur OpMo


Innate Abilities, Weirdness & Mutations

You are a tree.
Your roots penetrate the ground, keeping you stationary.
You cannot be teleported.
You are immune to unholy pain and torment.
Your maximum health is greatly increased.
You cannot wear most types of armour.
((You are amphibious.))
You can wear up to eight rings at the same time.
((Your skin changes colour to match your surroundings (Stealth+).))
((Your rubbery body absorbs attacks. (AC +1, EV +1)))
((You are camouflaged when in or above water. (Stealth+)))
((You have tentacles for arms and can constrict up to eight enemies at once.))


Message History

The gnoll hits you from afar with a +0 halberd!
* * * LOW HITPOINT WARNING * * *
You swing at nothing.
The gnoll hits you from afar with a +0 halberd.
* * * LOW HITPOINT WARNING * * *
You swing at nothing.
The gnoll hits you from afar with a +0 halberd.
* * * LOW HITPOINT WARNING * * *
You are confused.
You feel invigorated. The gnoll hits you but does no damage.
The gnoll hits you but does no damage. The gnoll hits you but does no damage.
The gnoll barely misses you.
The gnoll hits you from afar with a +0 halberd.
The gnoll hits you from afar with a +0 halberd!
The gnoll hits you from afar with a +0 halberd!
You feel less invigorated.
You feel less confused.
The gnoll hits you from afar with a +0 halberd.
The gnoll hits you from afar with a +0 halberd.
The gnoll barely misses you. The gnoll completely misses you.
The gnoll hits you but does no damage. The gnoll hits you but does no damage.
The gnoll hits you from afar with a +0 halberd.
The gnoll hits you but does no damage.
The gnoll hits you from afar with a +0 halberd!
* * * LOW HITPOINT WARNING * * *
The gnoll hits you but does no damage. The gnoll hits you but does no damage.
The gnoll hits you but does no damage. The gnoll barely misses you.
The gnoll hits you from afar with a +0 halberd.
* * * LOW HITPOINT WARNING * * *
The gnoll hits you from afar with a +0 halberd!
* * * LOW HITPOINT WARNING * * *
The gnoll hits you but does no damage.
It was a potion of magic.
Magic courses through your body.
The gnoll hits you from afar with a +0 halberd.
You die...

##.# .. #.## #. .. .
#..# ... ... ..#
##.###.##. #...##.#
#.#...... #. ...#
##...# .#. #.
##.###...##.#[
####)###........>.....
#....♣.g..........#.#.
#.................#..
#...................#
#...................##
#........?............
####..####.....##.....
....## ##....#......
#### #......##.##
#.....###.#


You could see a gnoll.

Vanquished Creatures
  Duvessa (D:4)
  Dowan (D:4)
  A hound (D:3)
  An orc priest (D:3)
  Ijyb (D:3)
  3 gnolls (D:4)
  4 adders
  3 worms (D:2)
  2 dart slugs (D:3)
  4 orcs (D:3)
  7 ball pythons
  6 bats
  6 endoplasms
  6 giant cockroaches
  9 goblins
  4 hobgoblins
  4 jackals (D:1)
  2 frilled lizards
  11 kobolds
  5 rats
81 creatures vanquished.

Vanquished Creatures (others)
  A human (D:3)
1 creature vanquished.

Grand Total: 82 creatures vanquished

Notes
Turn   | Place    | Note
-------+----------+-------------------------------------------
     0 | D:1      | Gelion the Octopode Shapeshifter began the quest for the
                  | Orb.
     0 | D:1      | Reached XP level 1. HP: 13/13 MP: 1/1
    67 | D:1      | Reached XP level 2. HP: 6/18 MP: 2/2
   348 | D:1      | Found a faded altar of an unknown god.
   514 | D:1      | Reached XP level 3. HP: 23/23 MP: 3/3
   980 | D:2      | Reached XP level 4. HP: 25/29 MP: 4/4
  1251 | D:3      | Found an ancient bone altar of Kikubaaqudgha.
  1500 | D:3      | Found a runed translucent door.
  1501 | D:3      | Noticed GoodGuyCap's ghost (amateur OpMo)
  1532 | D:3      | Noticed a human
  1535 | D:3      | Killed a human
  1629 | D:3      | Noticed Ijyb
  1631 | D:3      | Paralysed by Ijyb for 2 turns
  1636 | D:3      | Paralysed by Ijyb for 5 turns
  1644 | D:3      | Killed Ijyb
  1645 | D:3      | Reached skill level 4 in Shapeshifting
  1761 | D:3      | Reached XP level 5. HP: 32/34 MP: 5/5
  1996 | D:3      | Found a runed translucent door.
  2415 | D:4      | Reached XP level 6. HP: 35/41 MP: 6/6
  2460 | D:4      | Found a sparkling altar of Nemelex Xobeh.
  2501 | D:4      | Noticed Duvessa
  2503 | D:4      | Noticed Dowan
  2517 | D:4      | Killed Duvessa
  2518 | D:4      | Killed Dowan
  2519 | D:4      | Reached skill level 5 in Shapeshifting
  2669 | D:4      | HP: 3/63 [gnoll/+0 halberd (9)]
  2671 | D:4      | Slain by a gnoll

Illustrated notes

Levels and vault maps discovered:
D:1:      amcnicky_arrival_choice, layout_loops_ring,
          shapermc_ecumenical_altar_gd, minmay_crystal_room
D:2:      layout_rooms
D:3:      layout_basic, tgw_kikubaaqudgha, ebering_ghost_sewer_f, nrook_uturn,
          minivault_24, kennysheep_generic_room_8, uniq_ijyb
D:4:      layout_rooms, nemelex_diamond_rough_becter,
          eino_small_chamber_without_monster, uniq_duvessa

Skill      XL: |  1  2  3  4  5  6 |
---------------+-------------------+-----
Fighting       | 2 3 |  3.3
Shapeshifting  | 4 5 |  5.0
Unarmed Combat | 4 |  4.4
Dodging        | |  2.0

Action                     |  1- 3 |  4- 6 || total
---------------------------+-------+-------++-------
  Melee: Unarmed           |    78 |    85 ||   163
         Constrict         |    22 |    23 ||    45
         Tentacles         |    15 |    17 ||    32
         Punch             |       |     5 ||     5
    Use: Scroll            |     4 |     4 ||     8
         Potion            |       |     5 ||     5
   Stab: Sleeping          |    12 |     4 ||    16
         Distracted        |       |     1 ||     1
 Armour: Skin              |    10 |    16 ||    26
  Dodge: Dodged            |    57 |    45 ||   102

Table legend: (Time is in decaauts)
 A = Elapsed time spent in this place.
 B = Non-inter-level travel time spent in this place.
 C = Inter-level travel time spent in this place.
 D = Time resting spent in this place.
 E = Time spent auto-exploring this place.
 F = Levels seen in this place.
 G = Mean time per level.
                   A        B        C        D        E       F      G
               +--------+--------+--------+--------+--------+-----+--------+
         Total |   2642 |   2573 |     69 |      0 |   2084 |   4 |  660.5 |
       Dungeon |   2642 |   2573 |     69 |      0 |   2084 |   4 |  660.5 |
               +--------+--------+--------+--------+--------+-----+--------+

Top non-repeatable levels by time:
     D:3: 1057 daAuts
     D:1: 752 daAuts
     D:2: 483 daAuts
     D:4: 349 daAuts
